 Dungeon Crawl Stone Soup version 0.30-a0-989-g0d87f670db (webtiles) character file.

Game seed: 14110964270889327273

7 jtron the Trooper (level 1, -3/18 HPs)
             Began as a Demonspawn Monk on Apr 3, 2023.
             Slain by a gnoll
             ... wielding a +0 club
              (6 damage)
             ... on level 1 of the Dungeon.
             The game lasted 00:00:27 (250 turns).

jtron the Trooper (Demonspawn Monk)                  Turns: 250, Time: 00:00:27

Health: -3/18      AC:  2    Str: 11    XL:     1   Next: 91%
Magic:  1/1        EV: 13    Int: 11    God:
Gold:   11         SH:  0    Dex: 15    Spells: 0/0 levels left

rFire   . . .      SeeInvis .    a - +0 short sword
rCold   . . .      Faith    .    (no shield)
rNeg    . . .      Spirit   .    b - +0 robe
rPois   .          Reflect  .    (no helmet)
rElec   .          Rampage  .    (no cloak)
rCorr   .                        (no gloves)
Will    .....                    (no boots)
Stlth   ++                       (no amulet)
HPRegen 0.23/turn                (no ring)
MPRegen 0.07/turn                (no ring)

@: attractive
A: no striking features
a: no special abilities


You were on level 1 of the Dungeon.
You visited 1 branch of the dungeon, and saw 1 of its levels.

You collected 11 gold pieces.

Inventory:

Hand Weapons
 a - a +0 short sword (weapon)
Armour
 b - a +0 robe (worn)
Potions
 c - a potion of ambrosia


   Skills:
 + Level 3.1 Fighting
 + Level 2.8 Short Blades
 + Level 2.8 Dodging
 + Level 1.9 Stealth


You couldn't memorise any spells.
You didn't know any spells.
Your spell library was empty.

Dungeon Overview and Level Annotations

Branches:
Dungeon (1/15)

Altars:


Message History

You closely miss the frilled lizard. The frilled lizard bites you.
You closely miss the frilled lizard. The frilled lizard bites you.
You hit the frilled lizard.
You kill the frilled lizard!
No target in view!
No target in view!
No target in view!
No target in view!
No target in view!
You see here a frilled lizard corpse.
A goblin comes into view. It is wielding a +0 dagger.
The goblin shouts!
You hear a shout! x2
A rat and a gnoll come into view.
You hit the goblin.
The goblin is severely wounded.
The goblin hits you with a +0 dagger.
You hit the goblin.
You kill the goblin!
The rat bites you but does no damage.
You hit the rat but do no damage. The rat barely misses you.
An endoplasm comes into view.
You closely miss the rat. The rat bites you.
The endoplasm quivers.
You hit the rat but do no damage. The rat bites you.
You hit the gnoll but do no damage. You barely miss the gnoll.
The gnoll hits you with a +0 club! The rat barely misses you.
The endoplasm jiggles.
You are too injured to fight recklessly!
It was a potion of attraction.
You feel attractive to monsters. The gnoll hits you with a +0 club!
* * * LOW HITPOINT WARNING * * *
You hit the gnoll.
The gnoll is lightly wounded.
The gnoll closely misses you.
You closely miss the gnoll.
The gnoll is lightly wounded.
The gnoll hits you with a +0 club.
You die...

#############
#...........#
##.#########.#
######..# #.#
...##..# #†#
.######.##..# #.#
............# #.#
######@##.## #.#
#g##+# #.#
#r....#########.#
.J....+.........#
.......######.##.#
...#....+.........#
....
....######.##.#
..... ....# #.##.#
#..... ##+## #.##.#


You could see a gnoll, an endoplasm and a rat.

Vanquished Creatures
  3 jackals (D:1)
  A kobold (D:1)
  A frilled lizard (D:1)
  A goblin (D:1)
  A rat (D:1)
7 creatures vanquished.

Notes
Turn   | Place    | Note
-------+----------+-------------------------------------------
     0 | D:1      | jtron the Demonspawn Monk began the quest for the Orb.
     0 | D:1      | Reached XP level 1. HP: 18/18 MP: 1/1
   250 | D:1      | Slain by a gnoll

Illustrated notes

Levels and vault maps discovered:
D:1:      ncdulo_watergridlock, layout_basic, chequers_serial_rivers_large_b

Action                     || total
---------------------------++-------
  Melee: Short sword       ||    34
    Use: Potion            ||     1
   Stab: Sleeping          ||     1
 Armour: Robe              ||     6
  Dodge: Dodged            ||    41

Table legend: (Time is in decaauts)
 A = Elapsed time spent in this place.
 B = Non-inter-level travel time spent in this place.
 C = Inter-level travel time spent in this place.
 D = Time resting spent in this place.
 E = Time spent auto-exploring this place.
 F = Levels seen in this place.
 G = Mean time per level.
                   A        B        C        D        E       F      G
               +--------+--------+--------+--------+--------+-----+--------+
         Total |    245 |    245 |      0 |     66 |    113 |   1 |  245.0 |
       Dungeon |    245 |    245 |      0 |     66 |    113 |   1 |  245.0 |
               +--------+--------+--------+--------+--------+-----+--------+

Top non-repeatable levels by time:
     D:1: 245 daAuts
